 Dungeon Crawl Stone Soup version 0.29.1-15-g9cfb28693d (webtiles) character file.

Game seed: 7254440883317494989

645 croobank the Covert (level 7, 0/49 HPs)
             Began as an Octopode Delver on Feb 27, 2023.
             Killed by divine providence
             ... invoked by an orc priest
              (13 damage)
             ... on level 5 of the Dungeon.
             The game lasted 00:14:06 (5544 turns).

croobank the Covert (Octopode Delver)               Turns: 5544, Time: 00:14:07

Health: 0/49       AC:  1    Str: 17    XL:     7   Next: 52%
Magic:  10/10      EV: 14    Int: 15    God:
Gold:   190        SH:  0    Dex: 13    Spells: 8/10 levels left

rFire   . . .      SeeInvis .   a - +0 hand axe
rCold   + . .      Faith    .   (no shield)
rNeg    . . .      Spirit   .   (helmet restricted)
rPois   .          Reflect  .   (no amulet)
rElec   .          Harm     .   h - ring of willpower
rCorr   .          Rampage  .   o - +6 ring of strength
Will    +....                   w - ring of protection from cold
Stlth   +++++.....              (no ring)
HPRegen 0.16/turn               (no ring)
MPRegen 0.12/turn               (no ring)
                                (no ring)
                                (no ring)

@: no status effects
A: almost no armour, amphibious, 8 rings, camouflage 1, gelatinous body 1,
(nimble swimmer 1), tentacles
a: no special abilities


You were on level 5 of the Dungeon.
You visited 1 branch of the dungeon, and saw 6 of its levels.
You also visited: Sewer.

You collected 190 gold pieces.

Inventory:

Hand Weapons
 a - a +0 hand axe (weapon)
 c - a +0 quarterstaff
 q - a +2 dagger of holy wrath
 A - a +0 spear of flaming
 F - a +1 short sword of venom
 K - a +4 dagger
 L - a +1 dagger of speed
Missiles
 n - 6 boomerangs (quivered)
 G - 2 poisoned darts
Armour
 l - a +2 hat
 y - a +2 hat
Jewellery
 h - a ring of willpower (left tentacle)
 o - a +6 ring of strength (right tentacle)
 w - a ring of protection from cold (on tentacle)
Wands
 f - a wand of digging (3)
 i - a wand of charming (8)
 r - a wand of acid (6)
 I - a wand of roots (9)
Scrolls
 b - a scroll of fog
 d - 2 scrolls of brand weapon {unknown}
 m - a scroll of enchant weapon {unknown}
 p - 3 scrolls of vulnerability {unknown}
 t - 6 scrolls of identify {unknown}
 D - a scroll of fear
 H - a scroll of noise {unknown}
 J - a scroll of torment {unknown}
Potions
 e - a potion of haste
 g - 4 potions of degeneration {unknown}
 j - 6 potions of curing {unknown}
 k - 5 potions of heal wounds {unknown}
 s - 2 potions of might {unknown}
 u - a potion of attraction {unknown}
 v - a potion of berserk rage {unknown}
 x - a potion of mutation {unknown}
 z - 2 potions of brilliance {unknown}
 B - a potion of flight {unknown}
 C - a potion of resistance {unknown}
 E - a potion of ambrosia {unknown}


   Skills:
 + Level 4.5 Fighting
 + Level 3.7 Axes
 + Level 3.7 Dodging
 + Level 8.2 Stealth
 + Level 2.1 Spellcasting
 * Level 3.0 Fire Magic


You had 8 spell levels left.
You knew the following spells:

 Your Spells              Type           Power      Damage    Failure   Level
a - Scorch                Fire           20%        2d6       10%         2

Your spell library contained the following spells:

 Spells                   Type           Power      Damage    Failure   Level
 Freeze                   Ice            4%         1d3       22%         1
 Conjure Flame            Conj/Fire      6%         6-21      34%         3
 Ignite Poison            Fire/Tmut/Pois 4%         N/A       41%         3
 Frozen Ramparts          Ice            2%         1d1       54%         3
 Flame Wave               Conj/Fire      6%         2d5       75%         4
 Sticky Flame             Conj/Fire      6%         2d3       75%         4
 Hailstorm                Conj/Ice       1%         3d3       91%         4
 Summon Cactus Giant      Summ           0%         N/A       100%        6


Dungeon Overview and Level Annotations

Branches:
Dungeon (6/15)              Sewer (visited)
 Temple: D:4-7

Altars:
Ashenzari
Dithmenos
Fedhas
Makhleb
Qazlal
The Shining One

Shops:
D:2 =


Innate Abilities, Weirdness & Mutations

You cannot wear most types of armour.
You are amphibious.
You can wear up to eight rings at the same time.
Your skin changes colour to match your surroundings (Stealth+).
Your rubbery body absorbs attacks. (AC +1, EV +1)
((You are camouflaged when in or above water. (Stealth+)))
You have tentacles for arms and can constrict up to eight enemies at once.


Message History

You hit the orc but do no damage. You squeeze the orc.
The orc is almost dead.
You constrict the orc.
You kill the orc!
Things that are here:
a +0 hand axe; a +0 chain mail You see here a +1 dagger of speed.
L - a +1 dagger of speed Magic restored.
An orc priest comes into view.
It is wielding a +2 hand axe of draining.
An orc priest comes into view. It is wielding a +0 club.
The helpless scorpion fails to defend itself.
You slash the scorpion! You grab the scorpion.
The scorpion is heavily wounded.
You constrict the scorpion. The scorpion barely misses you.
The orc priest casts a cantrip, but nothing happens.
The orc shouts!
The orc priest shouts!
You hit the scorpion.
The scorpion is almost dead.
You constrict the scorpion. The scorpion stings you.
You hit the scorpion but do no damage.
The scorpion is almost dead.
You hit the orc but do no damage.
You constrict the scorpion, but do no damage.
The scorpion barely misses you. The orc closely misses you.
The orc priest calls down the wrath of Beogh upon you.
Beogh smites you! The scorpion stings you.
You hit the scorpion but do no damage.
The scorpion is almost dead.
You closely miss the orc. You constrict the scorpion.
You kill the scorpion!
The orc priest invokes the aid of Beogh against you.
Beogh smites you!
Your Fire Magic skill increases to level 3!
The orc attacks as you move away! The orc hits you with a +0 hand axe.
* * * LOW HITPOINT WARNING * * *
The orc priest calls down the wrath of Beogh upon you.
Beogh smites you!
You die...

##.###.#.######*,...,,,,,,**,*
#.
#............#*,...*****,*#.###.
#>.##.#.####.#,*..####**,*#.....
#..##)#.####..###.....,,,*#####.
*#..##.#.#...##.#..##.#**** #.
.....n.#.#.#.....o.##.# ##
##..####.#<.(#*#.#.##.###### #
#..# #.##.####.#.o.......# #..#
#........@.o##.####.# #..#
#.........####.# #.# #n.#
#.##....### #.# #.# *,,**
#...[.#.# #.#* #.# *,,,*
#####.#.# #..###.###### *,,,*
*.#,# #..##.......# ***,* #.#.#
#..##.......# *,* #.#.#
#..##.......#
*,***#**#.#.######..##.......#


You could see 2 orc priests and an orc.

Vanquished Creatures
  2 necrophages (D:5)
  3 scorpions
  2 hounds
  2 orc priests
  A jelly (D:4)
  2 orc wizards (D:5)
  A gnoll (D:1)
  4 adders
  A worm (D:4)
  10 orcs
  2 ball pythons
  7 endoplasms
  5 giant cockroaches
  4 goblins
  7 hobgoblins
  8 jackals
  3 quokkas
  8 bats
  6 frilled lizards
  10 kobolds
  7 rats
95 creatures vanquished.

Notes
Turn   | Place    | Note
-------+----------+-------------------------------------------
     0 | D:5      | croobank the Octopode Delver began the quest for the Orb.
     0 | D:5      | Reached XP level 1. HP: 16/16 MP: 1/1
    20 | D:6      | Noticed a black bear
    75 | D:5      | Noticed a necrophage
   176 | D:5      | Noticed a scorpion
   237 | D:5      | Noticed a hound
   299 | D:4      | Noticed an iguana
   302 | D:4      | Found a glowing drain.
   309 | D:4      | Reached XP level 2. HP: 21/21 MP: 2/2
   316 | Sewer    | Entered a sewer
   366 | Sewer    | Noticed Pargi
   372 | Sewer    | Identified a scroll of acquirement
   372 | Sewer    | Acquired a +2 hat
   754 | D:2      | Found Jept's Jewellery Shop.
   758 | D:2      | Reached XP level 3. HP: 23/26 MP: 3/3
   965 | D:1      | Found a faded altar of an unknown god.
   973 | D:1      | Reached skill level 7 in Stealth
  1895 | D:1      | Reached XP level 4. HP: 31/31 MP: 4/4
  2497 | D:2      | Found a glowing golden altar of the Shining One.
  3090 | D:3      | Found a shadowy altar of Dithmenos.
  3091 | D:3      | Found a blossoming altar of Fedhas.
  3091 | D:3      | Found a stormy altar of Qazlal.
  3104 | D:3      | Found a burning altar of Makhleb.
  3112 | D:3      | Found a broken altar of Ashenzari.
  3211 | D:3      | Reached XP level 5. HP: 29/37 MP: 4/6
  3641 | D:4      | Reached skill level 1 in Spellcasting
  3777 | D:4      | Learned a level 2 spell: Scorch
  3845 | D:4      | Reached skill level 1 in Fire Magic
  4112 | D:4      | Identified the +2 robe "Tearamyu" {Dex+3}
  4193 | D:4      | Reached XP level 6. HP: 43/43 MP: 2/8
  5133 | D:5      | Reached XP level 7. HP: 47/48 MP: 9/9
  5171 | D:5      | Reached skill level 8 in Stealth
  5544 | D:5      | Killed from afar by an orc priest

Illustrated notes

Levels and vault maps discovered:
D:1:      zaba_arrival_water, layout_loops_ring, ebering_ecumenical_altar_box,
          roderic_st_hans_cross, minmay_octomino_c4
D:2:      layout_rooms, serial_shops, shop, basic_altar
D:3:      layout_loops_ring, minmay_overflow_temple_star_hex, feat_on_display
D:4:      layout_cave_pods, portal_sewer_entry_b
D:5:      layout_loops_ring
D:6:      minmay_octagon_keep, layout_loops_ring, st_stairs_5, uniq_duvessa

Skill      XL: |  1  2  3  4  5  6  7 |
---------------+----------------------+-----
Stealth        | 7 8 |  8.2
Axes           | 3 |  3.7
Dodging        | 3 |  3.7
Spellcasting   | 1 2 |  2.1
Fire Magic     | 1 2 3 |  3.0
Fighting       | 4 |  4.5

Action                   |  1- 3 |  4- 6 |  7- 9 || total
-------------------------+-------+-------+-------++-------
Melee: Hand axe          |    63 |    86 |    23 ||   172
       Constrict         |    14 |    22 |     7 ||    43
       Tentacles         |     7 |    16 |     4 ||    27
       Punch             |       |     1 |       ||     1
 Cast: Scorch            |       |     5 |     6 ||    11
Evoke: Wand              |     2 |       |       ||     2
  Use: Scroll            |     6 |       |       ||     6
 Stab: Sleeping          |     8 |    18 |     3 ||    29
       Distracted        |       |     1 |       ||     1
Armor: Skin              |     4 |    10 |     2 ||    16
Dodge: Dodged            |    41 |    55 |    14 ||   110
